 Dungeon Crawl Stone Soup version 0.31.0-10-gcf4a605ca0 (webtiles) character file.

Game seed: 6525995510798549482

2706 Curundu the Cleaver (level 9, -3/80 HPs)
             Began as a Minotaur Berserker on Jan 25, 2024.
             Was a Priest of Trog.
             Killed from afar by an electric eel (8 damage)
             ... with a bolt of electricity
             ... on level 6 of the Dungeon.
             The game lasted 00:17:38 (5005 turns).

Curundu the Cleaver (Minotaur Berserker)            Turns: 5005, Time: 00:17:38

Health: -3/80      AC: 10    Str: 25    XL:     9   Next: 39%
Magic:  8/8        EV: 12    Int:  4    God:    Trog [***...]
Gold:   330        SH:  0    Dex: 11    Spells: 8/8 levels left

rFire   + . .        i - +5 war axe
rCold   . . .        (no shield)
rNeg    . . .        g - +1 scale mail
rPois   +            (helmet restricted)
rElec   .            l - +0 cloak
rCorr   .            (no gloves)
SInv    .            (no boots)
Will    .....        (no amulet) Stlth
                     b - ring of protection from fire
HPRegen 0.33/turn    j - ring of poison resistance
MPRegen 0.11/turn

%: no passive effects
@: about to teleport
A: horns 2, retaliatory headbutt
a: Renounce Religion, Berserk, Trog's Hand


You were on level 6 of the Dungeon.
You worshipped Trog.
Trog was most pleased with you.
You visited 1 branch of the dungeon, and saw 7 of its levels.

You collected 330 gold pieces.

Inventory:

Hand Weapons
 i - a +5 war axe (weapon)
Armour
 g - a +1 scale mail (worn)
 l - a +0 cloak (worn)
Jewellery
 a - a ring of see invisible
 b - a ring of protection from fire (left hand)
 e - a ring of positive energy
 j - a ring of poison resistance (right hand)
 m - a +6 ring of intelligence
Wands
 n - a wand of flame (34)
Scrolls
 s - 2 scrolls of enchant armour
 t - a scroll of enchant weapon
 w - 2 scrolls of identify
Potions
 c - a potion of haste
 d - 4 potions of heal wounds
 f - a potion of might
 h - a potion of attraction {unknown}
 k - 3 potions of resistance
 o - a potion of mutation {unknown}
 p - 3 potions of enlightenment {unknown}
 q - a potion of brilliance {unknown}
 r - a potion of magic {unknown}
 v - a potion of curing {unknown}


   Skills:
 + Level 7.7 Fighting
 + Level 10.8 Axes
 + Level 7.4 Armour
 + Level 5.9 Dodging
 + Level 0.5 Stealth


You had 8 spell levels left.
You didn't know any spells.
Your spell library was empty.

Dungeon Overview and Level Annotations

Branches:
Dungeon (7/15)             Temple (0/1) D:4

Altars:
Ashenzari
Fedhas
Gozag


Innate Abilities, Weirdness & Mutations

You have a pair of horns on your head.
You reflexively headbutt those who attack you in melee.


Message History

The bolt of electricity hits you!
The electric eel shoots out a bolt of lightning at you!
The bolt of electricity hits the plant!
The plant begins to die.
The bolt of electricity hits you!
You enter the shallow water.
Moving in this stuff is going to be slow.
You enter the shallow water.
Moving in this stuff is going to be slow.
You start resting.
HP restored.
The electric eel shoots out a bolt of lightning at you!
The bolt of electricity hits you.
The electric eel shoots out a bolt of lightning at you!
The bolt of electricity hits you!
There is an open door here.
The electric eel shoots out a bolt of lightning at you!
The bolt of electricity misses you.
The electric eel shoots out a bolt of lightning at you!
The bolt of electricity hits you.
The electric eel shoots out a bolt of lightning at you!
The bolt of electricity misses you. The bolt of electricity hits you.
The bolt of electricity hits the electric eel.
The electric eel completely resists.
The electric eel shoots out a bolt of lightning at you!
The bolt of electricity hits you! x2
The electric eel shoots out a bolt of lightning at you!
The bolt of electricity hits you!
* * * LOW HITPOINT WARNING * * *
You miss the electric eel. You headbutt the electric eel!
The electric eel is almost dead.
As you read the scroll of teleportation, it crumbles to dust.
You feel strangely unstable.
The electric eel shoots out a bolt of lightning at you!
The bolt of electricity hits you!
* * * LOW HITPOINT WARNING * * *
The bolt of electricity hits you.
* * * LOW HITPOINT WARNING * * *
The electric eel shoots out a bolt of lightning at you!
The bolt of electricity hits you!
You die...

####### # ##~~...### #
##.####..~##### # #.##
+##~~...## # #.# #####..#
######.#.....##..'####
.....#~#~~.PP#.....#..
####.#~#(PP..#..@..#.#
#.#†#$!..~#~..S.#.#
#.#~#≈≈~≈≈#?S.S$#.#
#.#~##SS≈##.$~~)#.######
#.##.######≈≈.≈≈#......#
####.###.).~~##≈≈≈##..###.#
.......######~#####.....#.#
#####..#######~...'.....#.##
..# #........######........#


You could see 3 electric eels.

Vanquished Creatures
  2 hornets
  A water moccasin (D:7)
  2 black bears
  An ogre (D:7)
  2 centaurs
  3 phantoms
  A bullfrog (D:6)
  3 scorpions
  5 wights (D:6)
  4 howler monkeys
  3 bombardier beetles
  A gnoll bouda (D:7)
  2 orc priests
  4 hounds
  Ijyb (D:3)
  Jessica (D:3)
  6 iguanas
  2 sleepcaps
  An orc wizard (D:7)
  Robin (D:3)
  8 gnolls
  11 adders
  2 shadow imps (D:6)
  2 white imps
  A dart slug (D:2)
  A ribbon worm (D:4)
  12 orcs
  5 endoplasms
  5 giant cockroaches
  6 hobgoblins
  3 quokkas
  6 ball pythons
  2 bats
  14 frilled lizards
  14 goblins
  8 kobolds
146 creatures vanquished.

Notes
Turn   | Place    | Note
-------+----------+-------------------------------------------
     0 | D:1      | Curundu the Minotaur Berserker began the quest for the Orb.
     0 | D:1      | Reached XP level 1. HP: 19/19 MP: 0/0
    86 | D:1      | Reached XP level 2. HP: 24/27 MP: 1/1
   353 | D:1      | Reached skill level 4 in Axes
   770 | D:2      | Reached XP level 3. HP: 31/33 MP: 2/2
   772 | D:2      | Reached ** piety under Trog
  1085 | D:2      | Reached skill level 5 in Axes
  1085 | D:2      | Reached XP level 4. HP: 29/40 MP: 3/3
  1475 | D:3      | Found a blossoming altar of Fedhas.
  1501 | D:3      | Noticed Ijyb
  1506 | D:3      | Killed Ijyb
  1647 | D:3      | Reached XP level 5. HP: 37/47 MP: 4/4
  1676 | D:3      | Noticed Jessica
  1686 | D:3      | Killed Jessica
  1689 | D:3      | Found an opulent altar of Gozag.
  1957 | D:3      | Noticed Robin
  1965 | D:3      | Reached skill level 5 in Fighting
  1977 | D:3      | Killed Robin
  2244 | D:4      | Found a staircase to the Ecumenical Temple.
  2274 | D:4      | Reached skill level 6 in Axes
  2338 | D:4      | Reached XP level 6. HP: 44/56 MP: 5/5
  2923 | D:5      | Entered Level 5 of the Dungeon
  2945 | D:5      | Reached skill level 7 in Axes
  3160 | D:5      | Reached *** piety under Trog
  3161 | D:5      | Reached XP level 7. HP: 41/61 MP: 6/6
  3236 | D:5      | Found a broken altar of Ashenzari.
  3482 | D:5      | Reached skill level 5 in Armour
  3684 | D:6      | Reached skill level 8 in Axes
  3685 | D:6      | Reached XP level 8. HP: 8/69 MP: 7/7
  3870 | D:6      | Reached skill level 5 in Dodging
  3921 | D:6      | You fall into a shaft and drop 1 floor!
  3988 | D:7      | Noticed a hornet
  3990 | D:7      | Reached skill level 9 in Axes
  3996 | D:7      | Killed a hornet
  4096 | D:7      | Reached XP level 9. HP: 76/79 MP: 8/8
  4181 | D:7      | Reached skill level 10 in Axes
  4702 | D:6      | Paralysed by a hornet for 1 turns
  5004 | D:6      | HP: 4/80 [electric eel/bolt of electricity (6)]
  5005 | D:6      | Killed from afar by an electric eel

Illustrated notes

Levels and vault maps discovered:
D:1:      lightli_arrival_boilingwater, layout_loops_ring, minmay_lizard_king
D:2:      layout_basic
D:3:      layout_loops_ring, mainiacjoe_overflow_boulevard,
          mainiacjoe_overflow_small_starburst, minmay_misc_feat_roman,
          uniq_ijyb, uniq_jessica, uniq_robin
D:4:      layout_cave_pools, minmay_temple_entry_mini_moons, minivault_24,
          kennysheep_cluttered_room
D:5:      layout_rooms, evilmike_ruin_ashenzari
D:6:      cheibrodos_two_vegetables, layout_basic, serial_shops,
          nicolae_shop_tiny_statue_garden, uniq_maggie
D:7:      layout_cave_pools, nemelex_dance_club_becter, lemuel_blue_sif_altar,
          lemuel_mausoleum_altar_kikubaaqudgha, gammafunk_ghost_gnarly_gnolls

Skill      XL: |  1  2  3  4  5  6  7  8  9 |
---------------+----------------------------+-----
Axes           | 4 5 6 7 8 9 10 | 10.8
Fighting       | 4 5 7 |  7.7
Dodging        | 3 4 5 |  5.9
Armour         | 3 4 5 6 7 |  7.4
Stealth        | |  0.5

Action                     |  1- 3 |  4- 6 |  7- 9 || total
---------------------------+-------+-------+-------++-------
  Melee: Hand axe          |    78 |   114 |    51 ||   243
         Headbutt          |     7 |    21 |    28 ||    56
         Punch             |       |       |     2 ||     2
         War axe           |       |       |    87 ||    87
 Invoke: Trog's Hand       |       |     3 |     1 ||     4
         Berserk           |       |       |     2 ||     2
    Use: Scroll            |       |     7 |     2 ||     9
 Armour: Animal skin       |    14 |       |       ||    14
         Scale mail        |    32 |   112 |   131 ||   275
  Dodge: Dodged            |    55 |    74 |   114 ||   243
